Match 46658316
Unlisted

Match 46658316
End
Construct Section Command Post
Dingo Light Scout Car
Vickers Machine Gun Team
Infantry Section
Infantry Section
ML 3-inch Mortar Team
Construct Platoon Command Post
Humber Armored Car
Royal Engineer Section
Unlock M3 Stuart Light Tanks
M3 Stuart Light Tank
Selects Heavy Armor Battlegroup
Selects Rigorous Vehicle Training
6-pounder Anti-tank Gun Team
CMP 15cwt Truck
Grenade Package
Construct Company Command Post
Foot Guards Section
Foot Guards Section
Selects Forward Repair Assembly
Selects Churchill Black Prince Heavy Tank
Churchill Black Prince Heavy Tank
Royal Engineer Section
Selects Light Vehicle Withdraw and Refit
Selects Radio Net
Selects Recon Artillery
Recon Artillery
Unlock M3 Grant Medium Tanks
M3 Grant Medium Tank
Recon Artillery
Churchill Black Prince Heavy Tank
Royal Engineer Section
M3 Grant Medium Tank
Recon Artillery
Unlock Towed 17-pounder Anti-tank Guns
17-pounder Anti-tank Gun Team
Radio Net
Recon Artillery
M3 Grant Medium Tank
Recon Artillery
Foot Guards Section
Churchill Black Prince Heavy Tank
^8Prof. Mcihael
Mr_NoteAr
User1diego
Frontalot
Garfailed
将军的士兵
alldl4
dewa
0
0

Comments sign in to comment!

No comments posted yet!